Blackdemons vs Diables
Created - March 25, 2018 at 19:02
Goals
|
Blackdemons |
2 |
2 |
1 |
5 |
Diables |
0 |
1 |
3 |
4 |
|
Shots
|
Blackdemons |
9 |
24 |
10 |
43 |
Diables |
11 |
8 |
21 |
40 |
|
1st period
1. Blackdemons , Ronalds Kenins 28 (Martin Hanzal 61, Keaton Ellerby 48) at 6:29 (PP)
2. Blackdemons , Andy McDonald 31 (Patrice Cormier 42, Keaton Ellerby 49) at 15:09
Penalties :
Craig Smith (Alm) for Goalie Interference (Minor) at 6:12, Brett Kulak (MJM) for Hooking (Minor) at 11:06
2nd period
3. Blackdemons , Patrice Cormier 31 (Mathew Dumba 26, Matt Hackett) at 5:07 (PP)
4. Blackdemons , Keaton Ellerby 8 (Scott Timmins 7) at 8:17
5. Diables , Daniel Zaar 6 (Brandon Burlon 20, Carl Gunnarsson 9) at 19:44
Penalties :
Steve Quailer (Alm) for Interference (Minor) at 4:34, Brandon Prust (Alm) for Fighting (Major) at 11:16, Martin Hanzal (MJM) for Fighting (Major) at 11:16, Brandon Prust (Alm) for Fighting (Major) at 18:38, Ronalds Kenins (MJM) for Fighting (Major) at 18:38
3rd period
6. Blackdemons , Ronalds Kenins 29 (Kyle Rau 25, Max Friberg 8) at 5:10
7. Diables , Taylor Beck 15 (Louis Leblanc 8) at 6:26
8. Diables , Taylor Beck 16 (Brian Dumoulin 16) at 15:23 (PP)
9. Diables , Brandon Burlon 9 (Craig Smith 40) at 18:47 (PP)
Penalties :
Mathew Dumba (MJM) for Roughing (Minor) at 13:44, Matt Hackett (MJM) for Slashing (Double Minor) at 18:13 - Mathew Dumba served the penalty
Goalie Stats
Matt Hackett (MJM), 36 saves from 40 shots - (0.900), W, 32-15-3, 60:00 minutes
Jean-Francois Berube (Alm), 38 saves from 43 shots - (0.884), L, 17-16-3, 58:57 minutes
Players Stats for Blackdemons
Player Name G A P +/- PIM S H SB GA TA FO MP PP MP PK MP
------------------------------------------------------------------------------------
Ales Kotalik 0 0 0 0 0 4 0 0 0 0 0/2 18:04 0:37 0:00
Alexandre Grenier 0 0 0 0 0 2 1 2 0 0 1/1 16:13 0:13 0:00
Andrew MacDonald 0 0 0 0 0 2 1 3 0 2 0/0 18:09 0:00 0:00
Andy McDonald 1 0 1 0 0 3 2 0 0 1 1/3 19:07 0:13 0:57
Blake Pietila 0 0 0 1 0 1 1 0 0 0 0/0 9:07 0:00 0:00
Brett Kulak 0 0 0 0 2 0 0 0 0 0 0/0 3:01 0:00 0:00
Calvin de Haan 0 0 0 0 0 4 0 2 0 1 0/0 22:27 0:00 4:18
Charles-Olivier Roussel 0 0 0 0 0 0 1 0 0 1 0/0 3:30 0:00 0:29
James Livingstone 0 0 0 1 0 3 0 0 0 0 0/1 9:07 0:00 0:00
Jeffrey Foss 0 0 0 -1 0 0 0 0 0 0 0/0 11:45 0:00 0:00
Keaton Ellerby 1 2 3 2 0 2 1 2 0 0 0/0 23:22 0:50 1:41
Kyle Rau 0 1 1 0 0 0 2 0 0 0 4/5 11:35 0:00 0:00
Martin Hanzal 0 1 1 0 5 6 4 0 0 0 13/25 17:52 0:37 0:59
Mathew Dumba 0 1 1 2 2 0 0 1 0 0 0/0 22:17 0:50 0:37
Max Friberg 0 1 1 0 0 2 0 0 0 0 0/0 12:11 0:00 0:59
Patrice Cormier 1 1 2 -1 0 5 2 1 1 0 14/24 20:19 0:13 3:22
Roman Josi 0 0 0 -1 0 2 0 3 1 0 0/0 15:28 0:00 3:43
Ronalds Kenins 2 0 2 1 5 6 3 0 1 1 2/3 19:12 0:37 3:28
Scott Timmins 0 1 1 1 0 0 1 0 0 0 2/3 10:35 0:00 1:03
Sergei Plotnikov 0 0 0 0 0 1 0 0 0 1 0/0 11:11 0:00 0:00
Players Stats for Diables
Player Name G A P +/- PIM S H SB GA TA FO MP PP MP PK MP
------------------------------------------------------------------------------------
Alexandre Burrows 0 0 0 0 0 0 3 1 0 0 0/0 18:38 2:21 0:00
Borna Rendulic 0 0 0 -1 0 0 1 1 0 0 1/1 8:15 0:00 0:00
Brandon Burlon 1 1 2 0 0 3 2 2 0 0 0/0 28:40 3:00 0:50
Brandon Prust 0 0 0 0 10 5 2 0 1 1 0/2 17:36 3:00 0:50
Brian Dumoulin 0 1 1 0 0 0 0 0 0 1 0/0 18:41 2:24 0:00
Carl Gunnarsson 0 1 1 0 0 1 3 1 0 0 0/0 28:40 3:00 0:50
Craig Smith 0 1 1 0 2 2 0 0 0 0 0/1 18:28 2:21 0:00
Daniel Zaar 1 0 1 0 0 5 0 0 0 0 1/1 12:04 0:00 0:00
Jamie Oleksiak 0 0 0 -1 0 0 2 1 0 0 0/0 12:39 0:00 0:00
Keith Seabrook 0 0 0 -1 0 1 0 0 1 0 0/0 12:39 0:00 0:00
Kyle Chipchura 0 0 0 0 0 1 1 1 0 0 1/4 12:07 0:00 0:00
Louis Leblanc 0 1 1 -1 0 0 0 0 0 0 1/3 8:15 0:00 0:00
Pavel Valentenko 0 0 0 0 0 5 2 1 0 0 0/0 18:41 2:24 0:00
Pierre-Cédric Labrie 0 0 0 0 0 1 2 0 1 0 0/0 14:52 0:07 0:00
Steve Quailer 0 0 0 0 2 5 3 1 1 1 1/1 20:17 2:59 0:00
Taylor Beck 2 0 2 -1 0 3 0 1 0 0 0/0 8:57 0:04 0:00
Tim Schaller 0 0 0 0 0 4 2 0 1 0 5/14 18:29 2:21 0:00
Tyler Bozak 0 0 0 0 0 4 1 0 2 0 20/40 21:08 2:59 0:50
3 Stars
1 - Keaton Ellerby (MJM)
2 - Brandon Burlon (Alm)
3 - Ronalds Kenins (MJM)
Power Play
Blackdemons - 2 on 2 Attempt(s) - 100.00%
Diables - 2 on 3 Attempt(s) - 66.67%
Penalty Kill
Blackdemons - 1 on 3 Attempt(s) - 33.33%
- Score 0 goal in Penalty Kill
Diables - 0 on 2 Attempt(s) - 0.00%
- Score 0 goal in Penalty Kill
Team Stat
Blackdemons - Hits : 19 - Faceoff Wins : 37 - Blocked Shots : 14 - Penalty Minutes : 18
Diables - Hits : 24 - Faceoff Wins : 30 - Blocked Shots : 10 - Penalty Minutes : 14
Official
Referees : Sutherland Kelly and Leggo Mike
Linesman : Pierre Racicot and Steve Barton
Game Notes
Brandon Prust beats up Martin Hanzal at 11:16 of 2nd period
Brandon Prust beats up Ronalds Kenins at 18:38 of 2nd period
Finance
Level 1 -- Attendance: 1434 (71.70%) -- Ticket Income $57,360
Level 2 -- Attendance: 736 (73.60%) -- Ticket Income $14,720
Total Attendance: 2170 (72.33%)
Total Ticket Income: $72,080
Other Income: $3,604
Total Income: $75,684
Blackdemons
5 vs 5 Forward
Center Left Wing Right Wing Time % Phy DF OF
1 Martin Hanzal Ronalds Kenins Ales Kotalik 37 0 2 3
2 Patrice Cormier Andy McDonald Alexandre Grenier 35 0 2 3
3 Kyle Rau Sergei Plotnikov Max Friberg 20 1 2 2
4 Scott Timmins Blake Pietila James Livingstone 8 0 4 1
5 vs 5 Defense
Defense Defense Time % Phy DF OF
1 Mathew Dumba Keaton Ellerby 40 0 3 2
2 Calvin de Haan Andrew MacDonald 35 0 3 2
3 Roman Josi Jeffrey Foss 20 1 2 2
4 Charles-Olivier Roussel Brett Kulak 5 1 3 1
PowerPlay Forward
Center Left Wing Right Wing Time % Phy DF OF
1 Martin Hanzal Ronalds Kenins Ales Kotalik 55 0 1 4
2 Patrice Cormier Andy McDonald Alexandre Grenier 45 0 1 4
PowerPlay Defense
Defense Defense Time % Phy DF OF
1 Mathew Dumba Keaton Ellerby 55 0 1 4
2 Roman Josi Calvin de Haan 45 0 1 4
Penalty Kill 4 Players Forward
Center Wing Time % Phy DF OF
1 Patrice Cormier Ronalds Kenins 60 0 5 0
2 Martin Hanzal Max Friberg 40 0 5 0
Penalty Kill 4 Players Defense
Defense Defense Time % Phy DF OF
1 Calvin de Haan Roman Josi 60 0 5 0
2 Keaton Ellerby Mathew Dumba 40 0 5 0
Penalty Kill - 3 Players Forward
Forward Time % Phy DF OF
1 Patrice Cormier 60 0 5 0
2 Max Friberg 40 0 5 0
Penalty Kill - 3 Players Defense
Defense Defense Time % Phy DF OF
1 Mathew Dumba Keaton Ellerby 60 0 5 0
2 Calvin de Haan Roman Josi 40 0 5 0
4 vs 4 Forward
Center Wing Time % Phy DF OF
1 Martin Hanzal Andy McDonald 60 1 2 2
2 Patrice Cormier Ales Kotalik 40 1 2 2
4 vs 4 Defense
Defense Defense Time % Phy DF OF
1 Keaton Ellerby Mathew Dumba 60 1 2 2
2 Andrew MacDonald Roman Josi 40 1 2 2
Last Minutes Offensive
Center Left Wing Right Wing Defense Defense
Martin Hanzal Andy McDonald Ales Kotalik Keaton Ellerby Andrew MacDonald
Last Minutes Defensive
Center Left Wing Right Wing Defense Defense
Patrice Cormier Andy McDonald Ales Kotalik Mathew Dumba Keaton Ellerby
Goaltenders
Starting : Matt Hackett
Backup : Laurent Brossoit
Extra Forwards
Normal : Martin Hanzal, Andy McDonald, Patrice Cormier - PP : Andy McDonald, Martin Hanzal - PK : Patrice Cormier
Extra Defensemen
Normal : Calvin de Haan, Mathew Dumba, Jeffrey Foss - PP : Mathew Dumba - PK : Mathew Dumba, Calvin de Haan
Penalty Shots
Martin Hanzal, Ales Kotalik, Ronalds Kenins, Andy McDonald, Alexandre Grenier
Scratches
Branko Radivojevic (Torn Left Knee Ligaments Injury), Colin Smith (Healthy), Klas Dahlbeck (Broken Bone (Left Foot) Injury), Jyrki Jokipakka (Healthy), Mackenzie MacEachern (Healthy)
Reece Scarlett (Healthy), Ben Maxwell (Healthy), Nicolas Deschamps (Healthy), Jacob Lagacé (Healthy), Alexander Salak (Healthy)
Sami Aittokallio (Healthy)
Diables
5 vs 5 Forward
Center Left Wing Right Wing Time % Phy DF OF
1 Tyler Bozak Brandon Prust Steve Quailer 40 1 2 2
2 Tim Schaller Alexandre Burrows Craig Smith 30 1 2 2
3 Kyle Chipchura Pierre-Cédric Labrie Daniel Zaar 20 1 2 2
4 Louis Leblanc Taylor Beck Borna Rendulic 10 1 2 2
5 vs 5 Defense
Defense Defense Time % Phy DF OF
1 Brandon Burlon Carl Gunnarsson 40 1 2 2
2 Pavel Valentenko Brian Dumoulin 30 1 2 2
3 Jamie Oleksiak Keith Seabrook 20 1 2 2
4 Brandon Burlon Carl Gunnarsson 10 1 2 2
PowerPlay Forward
Center Left Wing Right Wing Time % Phy DF OF
1 Tyler Bozak Brandon Prust Steve Quailer 60 1 2 2
2 Tim Schaller Alexandre Burrows Craig Smith 40 1 2 2
PowerPlay Defense
Defense Defense Time % Phy DF OF
1 Brandon Burlon Carl Gunnarsson 60 1 2 2
2 Pavel Valentenko Brian Dumoulin 40 1 2 2
Penalty Kill 4 Players Forward
Center Wing Time % Phy DF OF
1 Tyler Bozak Brandon Prust 60 1 2 2
2 Alexandre Burrows Steve Quailer 40 1 2 2
Penalty Kill 4 Players Defense
Defense Defense Time % Phy DF OF
1 Brandon Burlon Carl Gunnarsson 60 1 2 2
2 Pavel Valentenko Brian Dumoulin 40 1 2 2
Penalty Kill - 3 Players Forward
Forward Time % Phy DF OF
1 Tyler Bozak 60 1 2 2
2 Brandon Prust 40 1 2 2
Penalty Kill - 3 Players Defense
Defense Defense Time % Phy DF OF
1 Brandon Burlon Carl Gunnarsson 60 1 2 2
2 Pavel Valentenko Brian Dumoulin 40 1 2 2
4 vs 4 Forward
Center Wing Time % Phy DF OF
1 Tyler Bozak Brandon Prust 60 1 2 2
2 Alexandre Burrows Steve Quailer 40 1 2 2
4 vs 4 Defense
Defense Defense Time % Phy DF OF
1 Brandon Burlon Carl Gunnarsson 60 1 2 2
2 Pavel Valentenko Brian Dumoulin 40 1 2 2
Last Minutes Offensive
Center Left Wing Right Wing Defense Defense
Tyler Bozak Brandon Prust Steve Quailer Brandon Burlon Carl Gunnarsson
Last Minutes Defensive
Center Left Wing Right Wing Defense Defense
Tyler Bozak Brandon Prust Steve Quailer Brandon Burlon Carl Gunnarsson
Goaltenders
Starting : Jean-Francois Berube
Backup : John Gibson
Extra Forwards
Normal : Pierre-Cédric Labrie, Taylor Beck, Kyle Chipchura - PP : Pierre-Cédric Labrie, Taylor Beck - PK : Kyle Chipchura
Extra Defensemen
Normal : Jamie Oleksiak, Keith Seabrook, Pavel Valentenko - PP : Jamie Oleksiak - PK : Keith Seabrook, Pavel Valentenko
Penalty Shots
Tyler Bozak, Brandon Prust, Alexandre Burrows, Steve Quailer, Craig Smith
Scratches
Gemel Smith (Healthy), Matt Lindblad (Healthy), Christian Thomas (Healthy), Mark Fraser (Strained Left Knee Injury), Adam Clendening (Healthy)
Eric Karlsson (Healthy), Brett Ritchie (Healthy), Blake Coleman (Healthy), Andrew O'Brien (Healthy), Marc-André Bourdon (Healthy)
Linus Ullmark (Healthy)
% Time on Ice - Blackdemons
Lines # - Real PCT - Wanted PCT - Time Play
Normal Forward
1 - 32% - 37% - 17:27
2 - 30% - 35% - 16:01
3 - 21% - 20% - 11:11
4 - 17% - 8% - 9:07
Normal Defense
1 - 39% - 40% - 20:50
2 - 34% - 35% - 18:10
3 - 22% - 20% - 11:45
4 - 6% - 5% - 3:01
PP Forward
1 - 74% - 55% - 0:37
2 - 26% - 45% - 0:13
PP Defense
1 - 100% - 55% - 0:50
2 - 0% - 45% - 0:00
PK Forward
1 - 82% - 60% - 4:25
2 - 18% - 40% - 0:59
PK Defense
1 - 69% - 60% - 3:43
2 - 31% - 40% - 1:41
PK3 Forward
1 - 0% - 60%
2 - 0% - 40%
PK3 Defense
1 - 0% - 60%
2 - 0% - 40%
44 Forward
1 - 0% - 60%
2 - 0% - 40%
44 Defense
1 - 0% - 60%
2 - 0% - 40%
Last Minute Offensive - 0:00
Last Minute Defensive - 0:00
Total
Forward - 60:00
Defense - 60:00
|
% Time on Ice - Diables
Lines # - Real PCT - Wanted PCT - Time Play
Normal Forward
1 - 32% - 40% - 17:19
2 - 30% - 30% - 16:08
3 - 22% - 20% - 12:04
4 - 15% - 10% - 8:15
Normal Defense
1 - 39% - 40% - 20:54
2 - 30% - 30% - 16:17
3 - 24% - 20% - 12:39
4 - 7% - 10% - 3:56
PP Forward
1 - 56% - 60% - 3:03
2 - 44% - 40% - 2:21
PP Defense
1 - 56% - 60% - 3:00
2 - 44% - 40% - 2:24
PK Forward
1 - 100% - 60% - 0:50
2 - 0% - 40% - 0:00
PK Defense
1 - 100% - 60% - 0:50
2 - 0% - 40% - 0:00
PK3 Forward
1 - 0% - 60%
2 - 0% - 40%
PK3 Defense
1 - 0% - 60%
2 - 0% - 40%
44 Forward
1 - 0% - 60%
2 - 0% - 40%
44 Defense
1 - 0% - 60%
2 - 0% - 40%
Last Minute Offensive - 0:00
Last Minute Defensive - 0:00
Total
Forward - 60:00
Defense - 60:00
|
Play by Play
1st period
0:01 of 1st period - Martin Hanzal wins face-off versus Tyler Bozak in neutral zone.
0:26 of 1st period - Patrice Cormier is hit by Carl Gunnarsson and loses puck.
0:33 of 1st period - Snap shot by Craig Smith.
0:33 of 1st period - Stopped by Matt Hackett with a rebound.
2:03 of 1st period - Keith Seabrook is hit by Andy McDonald and loses puck.
2:16 of 1st period - Snap shot by Daniel Zaar.
2:16 of 1st period - Shot Blocked by Andrew MacDonald.
2:18 of 1st period - Snap shot by Daniel Zaar.
2:18 of 1st period - Shot Misses the Net.
2:42 of 1st period - Slapshot by Tyler Bozak.
2:42 of 1st period - Shot Misses the Net.
3:33 of 1st period - Slapshot by Daniel Zaar.
3:33 of 1st period - Stopped by Matt Hackett without a rebound.
3:34 of 1st period - Kyle Chipchura wins face-off versus Martin Hanzal in Blackdemons zone.
3:35 of 1st period - Backhand shot by Pierre-Cédric Labrie.
3:35 of 1st period - Shot Misses the Net.
3:47 of 1st period - Slapshot by Carl Gunnarsson.
3:47 of 1st period - Shot Misses the Net.
5:06 of 1st period - Martin Hanzal is hit by Pierre-Cédric Labrie and loses puck.
5:29 of 1st period - Wrist shot by Patrice Cormier.
5:29 of 1st period - Shot Misses the Net.
5:31 of 1st period - Snap shot by Patrice Cormier.
5:31 of 1st period - Stopped by Jean-Francois Berube without a rebound.
5:32 of 1st period - Tyler Bozak wins face-off versus Martin Hanzal in Diables zone.
6:07 of 1st period - Slapshot by Patrice Cormier.
6:07 of 1st period - Stopped by Jean-Francois Berube with a rebound.
6:12 of 1st period - Minor Penalty to Craig Smith for Goalie Interference.
6:13 of 1st period - Martin Hanzal wins face-off versus Tyler Bozak in Diables zone.
6:29 of 1st period - Wrist shot by Ronalds Kenins.
6:29 of 1st period - Goal by Ronalds Kenins - Blackdemons : 1 - Diables : 0.
6:30 of 1st period - Alexandre Grenier wins face-off versus Tyler Bozak in neutral zone.
7:32 of 1st period - Slapshot by Brandon Burlon.
7:32 of 1st period - Stopped by Matt Hackett without a rebound.
7:33 of 1st period - Louis Leblanc wins face-off versus James Livingstone in Blackdemons zone.
7:40 of 1st period - Snap shot by Taylor Beck.
7:40 of 1st period - Deflect By Keaton Ellerby.
7:40 of 1st period - Shot Misses the Net.
7:40 of 1st period - Puck is out of play.
7:41 of 1st period - Tyler Bozak wins face-off versus Ales Kotalik in Blackdemons zone.
7:42 of 1st period - Snap shot by Steve Quailer.
7:42 of 1st period - Stopped by Matt Hackett with a rebound.
7:52 of 1st period - Tyler Bozak is hit by Ronalds Kenins and loses puck.
7:57 of 1st period - Snap shot by Ronalds Kenins.
7:57 of 1st period - Shot Misses the Net.
8:15 of 1st period - Snap shot by Alexandre Burrows.
8:15 of 1st period - Shot Misses the Net.
8:17 of 1st period - Wrist shot by Tim Schaller.
8:17 of 1st period - Shot Misses the Net.
8:57 of 1st period - Wrist shot by Keaton Ellerby.
8:57 of 1st period - Shot Blocked by Jamie Oleksiak.
8:59 of 1st period - Snap shot by Sergei Plotnikov.
8:59 of 1st period - Stopped by Jean-Francois Berube with a rebound.
9:01 of 1st period - Slapshot by Sergei Plotnikov.
9:01 of 1st period - Deflect By Kyle Rau.
9:01 of 1st period - Shot Misses the Net.
9:01 of 1st period - Puck is out of play.
9:02 of 1st period - Patrice Cormier wins face-off versus Tim Schaller in Diables zone.
10:16 of 1st period - Patrice Cormier is hit by Jamie Oleksiak.
10:38 of 1st period - Keith Seabrook is hit by Charles-Olivier Roussel and loses puck.
11:06 of 1st period - Minor Penalty to Brett Kulak for Hooking.
11:07 of 1st period - Tyler Bozak wins face-off versus Patrice Cormier in Blackdemons zone.
12:06 of 1st period - Ronalds Kenins is hit by Pavel Valentenko and loses puck.
12:33 of 1st period - Brandon Prust is hit by Martin Hanzal and loses puck.
12:54 of 1st period - Alexandre Burrows is hit by Ronalds Kenins and loses puck.
13:06 of 1st period - Penalty to Brett Kulak is over, Brett Kulak is back on ice.
13:58 of 1st period - Icing by James Livingstone.
13:59 of 1st period - Daniel Zaar wins face-off versus Ronalds Kenins in Blackdemons zone.
14:02 of 1st period - Snap shot by Pierre-Cédric Labrie.
14:02 of 1st period - Shot Misses the Net.
14:42 of 1st period - Wrist shot by Andy McDonald.
14:42 of 1st period - Deflect By Patrice Cormier.
14:42 of 1st period - Shot Blocked by Taylor Beck.
14:42 of 1st period - Puck is out of play.
14:43 of 1st period - Borna Rendulic wins face-off versus Patrice Cormier in Diables zone.
14:48 of 1st period - Patrice Cormier is hit by Borna Rendulic and loses puck.
14:57 of 1st period - Wrist shot by Andy McDonald.
14:57 of 1st period - Stopped by Jean-Francois Berube with a rebound.
14:59 of 1st period - Slapshot by Keaton Ellerby.
14:59 of 1st period - Deflect By Brian Dumoulin.
14:59 of 1st period - Stopped by Jean-Francois Berube with a rebound.
15:01 of 1st period - Snap shot by Patrice Cormier.
15:01 of 1st period - Shot Misses the Net.
15:03 of 1st period - Slapshot by Patrice Cormier.
15:03 of 1st period - Shot Misses the Net.
15:09 of 1st period - Wrist shot by Andy McDonald.
15:09 of 1st period - Goal by Andy McDonald - Blackdemons : 2 - Diables : 0.
15:10 of 1st period - Martin Hanzal wins face-off versus Brandon Prust in neutral zone.
15:29 of 1st period - Steve Quailer is hit by Martin Hanzal and loses puck.
15:56 of 1st period - Slapshot by Steve Quailer.
15:56 of 1st period - Stopped by Matt Hackett without a rebound.
15:57 of 1st period - Patrice Cormier wins face-off versus Craig Smith in Blackdemons zone.
15:57 of 1st period - Patrice Cormier is hit by Tim Schaller.
16:23 of 1st period - Slapshot by Kyle Chipchura.
16:23 of 1st period - Stopped by Matt Hackett without a rebound.
16:24 of 1st period - Kyle Rau wins face-off versus Kyle Chipchura in Blackdemons zone.
16:48 of 1st period - Off-side.
16:49 of 1st period - Patrice Cormier wins face-off versus Tim Schaller in neutral zone.
17:06 of 1st period - Patrice Cormier is hit by Alexandre Burrows and loses puck.
18:10 of 1st period - Backhand shot by Daniel Zaar.
18:10 of 1st period - Stopped by Matt Hackett with a rebound.
18:20 of 1st period - Snap shot by Scott Timmins.
18:20 of 1st period - Shot Misses the Net.
18:22 of 1st period - Snap shot by Alexandre Grenier.
18:22 of 1st period - Stopped by Jean-Francois Berube without a rebound.
18:23 of 1st period - Tim Schaller wins face-off versus Patrice Cormier in Diables zone.
18:52 of 1st period - Off-side.
18:53 of 1st period - Tyler Bozak wins face-off versus Martin Hanzal in neutral zone.
19:12 of 1st period - Wrist shot by Brandon Prust.
19:12 of 1st period - Stopped by Matt Hackett with a rebound.
19:14 of 1st period - Wrist shot by Pavel Valentenko.
19:14 of 1st period - Stopped by Matt Hackett with a rebound.
19:16 of 1st period - Slapshot by Steve Quailer.
19:16 of 1st period - Stopped by Matt Hackett with a rebound.
19:18 of 1st period - Slapshot by Carl Gunnarsson.
19:18 of 1st period - Deflect By Steve Quailer.
19:18 of 1st period - Shot Misses the Net.
19:18 of 1st period - Puck is out of play.
19:19 of 1st period - Tim Schaller wins face-off versus Patrice Cormier in Blackdemons zone.
19:20 of 1st period - Backhand shot by Craig Smith.
19:20 of 1st period - Stopped by Matt Hackett with a rebound.
19:44 of 1st period - Brandon Burlon is hit by Andrew MacDonald and loses puck.
19:49 of 1st period - Wrist shot by Max Friberg.
19:49 of 1st period - Stopped by Jean-Francois Berube without a rebound.
19:50 of 1st period - Martin Hanzal wins face-off versus Tyler Bozak in Diables zone.
19:53 of 1st period - Snap shot by Martin Hanzal.
19:53 of 1st period - Shot Misses the Net.
19:55 of 1st period - Wrist shot by Martin Hanzal.
19:55 of 1st period - Shot Misses the Net.
19:57 of 1st period - Wrist shot by Ronalds Kenins.
19:57 of 1st period - Shot Misses the Net.
19:59 of 1st period - Slapshot by Mathew Dumba.
19:59 of 1st period - Shot Misses the Net.
Goals for this period are 2 for Blackdemons vs 0 for Diables.
Shots for this period are 9 for Blackdemons vs 11 for Diables.
2nd period
0:01 of 2nd period - Martin Hanzal wins face-off versus Tyler Bozak in neutral zone.
0:04 of 2nd period - Wrist shot by Ronalds Kenins.
0:04 of 2nd period - Shot Misses the Net.
0:13 of 2nd period - Slapshot by Brandon Prust.
0:13 of 2nd period - Stopped by Matt Hackett with a rebound.
0:15 of 2nd period - Snap shot by Steve Quailer.
0:15 of 2nd period - Deflect By Tyler Bozak.
0:15 of 2nd period - Shot Blocked by Keaton Ellerby.
0:15 of 2nd period - Puck is out of play.
0:16 of 2nd period - Patrice Cormier wins face-off versus Tim Schaller in Blackdemons zone.
0:25 of 2nd period - Wrist shot by Calvin de Haan.
0:25 of 2nd period - Shot Blocked by Brandon Burlon.
0:27 of 2nd period - Snap shot by Patrice Cormier.
0:27 of 2nd period - Shot Misses the Net.
0:48 of 2nd period - Snap shot by Calvin de Haan.
0:48 of 2nd period - Stopped by Jean-Francois Berube with a rebound.
0:50 of 2nd period - Slapshot by Calvin de Haan.
0:50 of 2nd period - Deflect By Craig Smith.
0:50 of 2nd period - Stopped by Jean-Francois Berube without a rebound.
0:51 of 2nd period - Martin Hanzal wins face-off versus Tyler Bozak in Diables zone.
0:56 of 2nd period - Wrist shot by Martin Hanzal.
0:56 of 2nd period - Stopped by Jean-Francois Berube with a rebound.
0:58 of 2nd period - Snap shot by Ronalds Kenins.
0:58 of 2nd period - Stopped by Jean-Francois Berube without a rebound.
0:59 of 2nd period - Tyler Bozak wins face-off versus Martin Hanzal in Diables zone.
1:08 of 2nd period - Icing by Carl Gunnarsson.
1:09 of 2nd period - Patrice Cormier wins face-off versus Tyler Bozak in Diables zone.
1:12 of 2nd period - Snap shot by Andy McDonald.
1:12 of 2nd period - Shot Misses the Net.
1:41 of 2nd period - Tim Schaller is hit by Martin Hanzal and loses puck.
1:58 of 2nd period - Snap shot by Taylor Beck.
1:58 of 2nd period - Stopped by Matt Hackett without a rebound.
1:59 of 2nd period - Patrice Cormier wins face-off versus Louis Leblanc in Blackdemons zone.
2:17 of 2nd period - Taylor Beck is hit by Patrice Cormier and loses puck.
3:19 of 2nd period - Wrist shot by Martin Hanzal.
3:19 of 2nd period - Stopped by Jean-Francois Berube with a rebound.
3:21 of 2nd period - Wrist shot by Ales Kotalik.
3:21 of 2nd period - Shot Misses the Net.
4:21 of 2nd period - Wrist shot by Ales Kotalik.
4:21 of 2nd period - Stopped by Jean-Francois Berube with a rebound.
4:23 of 2nd period - Snap shot by Ales Kotalik.
4:23 of 2nd period - Stopped by Jean-Francois Berube with a rebound.
4:25 of 2nd period - Slapshot by Ales Kotalik.
4:25 of 2nd period - Deflect By Ronalds Kenins.
4:25 of 2nd period - Shot Blocked by Kyle Chipchura.
4:25 of 2nd period - Puck is out of play.
4:26 of 2nd period - Patrice Cormier wins face-off versus Tyler Bozak in Diables zone.
4:31 of 2nd period - Snap shot by Patrice Cormier.
4:31 of 2nd period - Deflect By Andy McDonald.
4:31 of 2nd period - Shot Blocked by Steve Quailer.
4:31 of 2nd period - Puck is out of play.
4:32 of 2nd period - Andy McDonald wins face-off versus Tyler Bozak in Diables zone.
4:34 of 2nd period - Minor Penalty to Steve Quailer for Interference.
4:35 of 2nd period - Tyler Bozak wins face-off versus Martin Hanzal in Diables zone.
5:07 of 2nd period - Wrist shot by Patrice Cormier.
5:07 of 2nd period - Goal by Patrice Cormier - Blackdemons : 3 - Diables : 0.
5:08 of 2nd period - Ronalds Kenins wins face-off versus Tim Schaller in neutral zone.
5:15 of 2nd period - Snap shot by Martin Hanzal.
5:15 of 2nd period - Shot Blocked by Alexandre Burrows.
5:17 of 2nd period - Snap shot by Ales Kotalik.
5:17 of 2nd period - Stopped by Jean-Francois Berube with a rebound.
5:19 of 2nd period - Snap shot by Ronalds Kenins.
5:19 of 2nd period - Stopped by Jean-Francois Berube with a rebound.
5:21 of 2nd period - Wrist shot by Martin Hanzal.
5:21 of 2nd period - Deflect By Carl Gunnarsson.
5:21 of 2nd period - Shot Blocked by Brandon Burlon.
5:21 of 2nd period - Puck is out of play.
5:22 of 2nd period - Tyler Bozak wins face-off versus Patrice Cormier in Diables zone.
5:31 of 2nd period - Slapshot by Andy McDonald.
5:31 of 2nd period - Stopped by Jean-Francois Berube without a rebound.
5:32 of 2nd period - Tyler Bozak wins face-off versus Patrice Cormier in Diables zone.
5:38 of 2nd period - Wrist shot by Steve Quailer.
5:38 of 2nd period - Shot Misses the Net.
5:40 of 2nd period - Snap shot by Brandon Prust.
5:40 of 2nd period - Stopped by Matt Hackett with a rebound.
5:51 of 2nd period - Icing by Andy McDonald.
5:52 of 2nd period - Patrice Cormier wins face-off versus Tim Schaller in Blackdemons zone.
6:05 of 2nd period - Backhand shot by Tim Schaller.
6:05 of 2nd period - Shot Misses the Net.
6:56 of 2nd period - Off-side.
6:57 of 2nd period - Ronalds Kenins wins face-off versus Tim Schaller in neutral zone.
7:08 of 2nd period - Wrist shot by Ales Kotalik.
7:08 of 2nd period - Shot Misses the Net.
7:10 of 2nd period - Snap shot by Ronalds Kenins.
7:10 of 2nd period - Stopped by Jean-Francois Berube with a rebound.
7:22 of 2nd period - Carl Gunnarsson is hit by Blake Pietila and loses puck.
7:27 of 2nd period - Snap shot by Scott Timmins.
7:27 of 2nd period - Shot Misses the Net.
7:29 of 2nd period - Snap shot by Blake Pietila.
7:29 of 2nd period - Shot Misses the Net.
7:31 of 2nd period - Slapshot by Roman Josi.
7:31 of 2nd period - Stopped by Jean-Francois Berube without a rebound.
7:32 of 2nd period - Martin Hanzal wins face-off versus Tyler Bozak in Diables zone.
7:41 of 2nd period - Wrist shot by Martin Hanzal.
7:41 of 2nd period - Stopped by Jean-Francois Berube with a rebound.
7:43 of 2nd period - Wrist shot by Ronalds Kenins.
7:43 of 2nd period - Shot Misses the Net.
7:59 of 2nd period - Roman Josi is hit by Jamie Oleksiak.
8:17 of 2nd period - Slapshot by Keaton Ellerby.
8:17 of 2nd period - Goal by Keaton Ellerby - Blackdemons : 4 - Diables : 0.
8:18 of 2nd period - Steve Quailer wins face-off versus Martin Hanzal in neutral zone.
8:21 of 2nd period - Ronalds Kenins is hit by Brandon Prust and loses puck.
9:18 of 2nd period - Snap shot by Kyle Chipchura.
9:18 of 2nd period - Shot Misses the Net.
10:33 of 2nd period - Slapshot by Roman Josi.
10:33 of 2nd period - Shot Misses the Net.
10:49 of 2nd period - Snap shot by Blake Pietila.
10:49 of 2nd period - Shot Blocked by Borna Rendulic.
10:51 of 2nd period - Slapshot by Roman Josi.
10:51 of 2nd period - Stopped by Jean-Francois Berube with a rebound.
11:15 of 2nd period - Snap shot by Martin Hanzal.
11:15 of 2nd period - Stopped by Jean-Francois Berube without a rebound.
11:16 of 2nd period - Martin Hanzal wins face-off versus Tyler Bozak in Diables zone.
11:16 of 2nd period - Brandon Prust beats up Martin Hanzal.
11:16 of 2nd period - Penalty to Brandon Prust for Fighting.
11:16 of 2nd period - Penalty to Martin Hanzal for Fighting.
11:17 of 2nd period - Tyler Bozak wins face-off versus Ales Kotalik in Diables zone.
11:22 of 2nd period - Slapshot by Brandon Burlon.
11:22 of 2nd period - Shot Misses the Net.
11:24 of 2nd period - Slapshot by Tyler Bozak.
11:24 of 2nd period - Stopped by Matt Hackett with a rebound.
11:26 of 2nd period - Snap shot by Pierre-Cédric Labrie.
11:26 of 2nd period - Shot Misses the Net.
11:28 of 2nd period - Wrist shot by Brandon Burlon.
11:28 of 2nd period - Stopped by Matt Hackett with a rebound.
11:30 of 2nd period - Snap shot by Steve Quailer.
11:30 of 2nd period - Shot Misses the Net.
11:32 of 2nd period - Wrist shot by Steve Quailer.
11:32 of 2nd period - Shot Misses the Net.
11:34 of 2nd period - Wrist shot by Tyler Bozak.
11:34 of 2nd period - Stopped by Matt Hackett with a rebound.
11:44 of 2nd period - Kyle Rau is hit by Carl Gunnarsson and loses puck.
12:13 of 2nd period - Wrist shot by Taylor Beck.
12:13 of 2nd period - Shot Misses the Net.
12:33 of 2nd period - Alexandre Grenier is hit by Pierre-Cédric Labrie and loses puck.
12:41 of 2nd period - Icing by Andrew MacDonald.
12:42 of 2nd period - Tyler Bozak wins face-off versus Patrice Cormier in Blackdemons zone.
12:43 of 2nd period - Snap shot by Pierre-Cédric Labrie.
12:43 of 2nd period - Shot Blocked by Patrice Cormier.
12:45 of 2nd period - Slapshot by Steve Quailer.
12:45 of 2nd period - Shot Blocked by Calvin de Haan.
13:11 of 2nd period - Wrist shot by Patrice Cormier.
13:11 of 2nd period - Stopped by Jean-Francois Berube with a rebound.
13:13 of 2nd period - Snap shot by Alexandre Grenier.
13:13 of 2nd period - Shot Misses the Net.
13:15 of 2nd period - Wrist shot by Alexandre Grenier.
13:15 of 2nd period - Shot Blocked by Carl Gunnarsson.
13:17 of 2nd period - Wrist shot by Andrew MacDonald.
13:17 of 2nd period - Stopped by Jean-Francois Berube with a rebound.
13:19 of 2nd period - Slapshot by Patrice Cormier.
13:19 of 2nd period - Shot Hit the Post.
13:21 of 2nd period - Slapshot by Andrew MacDonald.
13:21 of 2nd period - Deflect By Carl Gunnarsson.
13:21 of 2nd period - Stopped by Jean-Francois Berube with a rebound.
14:17 of 2nd period - Wrist shot by Patrice Cormier.
14:17 of 2nd period - Shot Misses the Net.
14:19 of 2nd period - Wrist shot by Patrice Cormier.
14:19 of 2nd period - Stopped by Jean-Francois Berube with a rebound.
14:21 of 2nd period - Snap shot by Alexandre Grenier.
14:21 of 2nd period - Stopped by Jean-Francois Berube without a rebound.
14:22 of 2nd period - Tyler Bozak wins face-off versus Scott Timmins in Diables zone.
14:37 of 2nd period - Slapshot by Ronalds Kenins.
14:37 of 2nd period - Shot Blocked by Pavel Valentenko.
14:57 of 2nd period - Snap shot by Kyle Rau.
14:57 of 2nd period - Shot Misses the Net.
15:27 of 2nd period - Snap shot by Ronalds Kenins.
15:27 of 2nd period - Deflect By Ales Kotalik.
15:27 of 2nd period - Stopped by Jean-Francois Berube without a rebound.
15:28 of 2nd period - Tyler Bozak wins face-off versus Kyle Rau in Diables zone.
16:14 of 2nd period - Snap shot by Pierre-Cédric Labrie.
16:14 of 2nd period - Shot Misses the Net.
16:54 of 2nd period - Carl Gunnarsson is hit by Kyle Rau and loses puck.
17:05 of 2nd period - Martin Hanzal is hit by Brandon Burlon and loses puck.
17:10 of 2nd period - Slapshot by Pierre-Cédric Labrie.
17:10 of 2nd period - Shot Misses the Net.
17:22 of 2nd period - Slapshot by Tyler Bozak.
17:22 of 2nd period - Stopped by Matt Hackett with a rebound.
17:29 of 2nd period - Icing by Martin Hanzal.
17:30 of 2nd period - Scott Timmins wins face-off versus Tim Schaller in Blackdemons zone.
17:51 of 2nd period - Scott Timmins is hit by Alexandre Burrows and loses puck.
18:00 of 2nd period - Slapshot by Andrew MacDonald.
18:00 of 2nd period - Shot Misses the Net.
18:20 of 2nd period - Snap shot by Tim Schaller.
18:20 of 2nd period - Shot Blocked by Andrew MacDonald.
18:34 of 2nd period - Slapshot by Calvin de Haan.
18:34 of 2nd period - Shot Misses the Net.
18:36 of 2nd period - Backhand shot by James Livingstone.
18:36 of 2nd period - Stopped by Jean-Francois Berube without a rebound.
18:37 of 2nd period - Tyler Bozak wins face-off versus Martin Hanzal in Diables zone.
18:37 of 2nd period - Tyler Bozak is hit by Martin Hanzal.
18:38 of 2nd period - Brandon Prust beats up Ronalds Kenins.
18:38 of 2nd period - Penalty to Brandon Prust for Fighting.
18:38 of 2nd period - Penalty to Ronalds Kenins for Fighting.
18:39 of 2nd period - Tyler Bozak wins face-off versus Martin Hanzal in Diables zone.
19:44 of 2nd period - Snap shot by Daniel Zaar.
19:44 of 2nd period - Goal by Daniel Zaar - Blackdemons : 4 - Diables : 1.
19:45 of 2nd period - Martin Hanzal wins face-off versus Tyler Bozak in neutral zone.
Goals for this period are 2 for Blackdemons vs 1 for Diables.
Shots for this period are 24 for Blackdemons vs 8 for Diables.
3rd period
0:01 of 3rd period - Martin Hanzal wins face-off versus Tyler Bozak in neutral zone.
0:11 of 3rd period - Off-side.
0:12 of 3rd period - Martin Hanzal wins face-off versus Tyler Bozak in neutral zone.
0:15 of 3rd period - Slapshot by Martin Hanzal.
0:15 of 3rd period - Stopped by Jean-Francois Berube with a rebound.
0:17 of 3rd period - Wrist shot by Martin Hanzal.
0:17 of 3rd period - Stopped by Jean-Francois Berube with a rebound.
2:20 of 3rd period - Calvin de Haan is hit by Brandon Burlon and loses puck.
2:37 of 3rd period - Slapshot by Tim Schaller.
2:37 of 3rd period - Stopped by Matt Hackett without a rebound.
2:38 of 3rd period - Kyle Rau wins face-off versus Tim Schaller in Blackdemons zone.
2:53 of 3rd period - Wrist shot by Tim Schaller.
2:53 of 3rd period - Stopped by Matt Hackett without a rebound.
2:54 of 3rd period - Patrice Cormier wins face-off versus Tyler Bozak in Blackdemons zone.
2:54 of 3rd period - Patrice Cormier is hit by Steve Quailer.
3:18 of 3rd period - Jeffrey Foss is hit by Alexandre Burrows and loses puck.
3:40 of 3rd period - Off-side.
3:41 of 3rd period - Martin Hanzal wins face-off versus Brandon Prust in neutral zone.
4:06 of 3rd period - Tim Schaller is hit by Kyle Rau and loses puck.
4:12 of 3rd period - Off-side.
4:13 of 3rd period - Patrice Cormier wins face-off versus Tyler Bozak in neutral zone.
4:24 of 3rd period - Mathew Dumba is hit by Steve Quailer and loses puck.
4:44 of 3rd period - Snap shot by Tim Schaller.
4:44 of 3rd period - Stopped by Matt Hackett with a rebound.
4:46 of 3rd period - Slapshot by Carl Gunnarsson.
4:46 of 3rd period - Shot Blocked by Mathew Dumba.
5:08 of 3rd period - Wrist shot by Ronalds Kenins.
5:08 of 3rd period - Stopped by Jean-Francois Berube with a rebound.
5:10 of 3rd period - Snap shot by Ronalds Kenins.
5:10 of 3rd period - Goal by Ronalds Kenins - Blackdemons : 5 - Diables : 1.
5:11 of 3rd period - Tyler Bozak wins face-off versus Andy McDonald in neutral zone.
5:14 of 3rd period - Andrew MacDonald is hit by Steve Quailer and loses puck.
5:23 of 3rd period - Brandon Prust is hit by Patrice Cormier and loses puck.
6:20 of 3rd period - Snap shot by Taylor Beck.
6:20 of 3rd period - Shot Misses the Net.
6:22 of 3rd period - Snap shot by Louis Leblanc.
6:22 of 3rd period - Shot Misses the Net.
6:24 of 3rd period - Wrist shot by Louis Leblanc.
6:24 of 3rd period - Shot Blocked by Alexandre Grenier.
6:26 of 3rd period - Wrist shot by Taylor Beck.
6:26 of 3rd period - Goal by Taylor Beck - Blackdemons : 5 - Diables : 2.
6:27 of 3rd period - Tyler Bozak wins face-off versus Andy McDonald in neutral zone.
6:32 of 3rd period - Alexandre Grenier is hit by Brandon Prust and loses puck.
6:41 of 3rd period - Snap shot by Steve Quailer.
6:41 of 3rd period - Stopped by Matt Hackett with a rebound.
6:43 of 3rd period - Wrist shot by Steve Quailer.
6:43 of 3rd period - Stopped by Matt Hackett with a rebound.
6:55 of 3rd period - Brian Dumoulin is hit by Keaton Ellerby and loses puck.
7:40 of 3rd period - Snap shot by Calvin de Haan.
7:40 of 3rd period - Stopped by Jean-Francois Berube with a rebound.
7:56 of 3rd period - Off-side.
7:57 of 3rd period - Tyler Bozak wins face-off versus Martin Hanzal in neutral zone.
8:15 of 3rd period - Icing by Tyler Bozak.
8:16 of 3rd period - Tyler Bozak wins face-off versus Patrice Cormier in Diables zone.
8:16 of 3rd period - Tyler Bozak is hit by Alexandre Grenier.
8:42 of 3rd period - Snap shot by Tyler Bozak.
8:42 of 3rd period - Stopped by Matt Hackett without a rebound.
8:43 of 3rd period - Tim Schaller wins face-off versus Martin Hanzal in Blackdemons zone.
8:48 of 3rd period - Snap shot by Alexandre Burrows.
8:48 of 3rd period - Shot Misses the Net.
8:50 of 3rd period - Slapshot by Tim Schaller.
8:50 of 3rd period - Stopped by Matt Hackett without a rebound.
8:51 of 3rd period - Martin Hanzal wins face-off versus Tim Schaller in Blackdemons zone.
8:53 of 3rd period - Icing by Ales Kotalik.
8:54 of 3rd period - Tyler Bozak wins face-off versus Martin Hanzal in Blackdemons zone.
9:24 of 3rd period - Wrist shot by Brandon Burlon.
9:24 of 3rd period - Shot Misses the Net.
9:44 of 3rd period - Slapshot by Calvin de Haan.
9:44 of 3rd period - Stopped by Jean-Francois Berube without a rebound.
9:45 of 3rd period - Scott Timmins wins face-off versus Kyle Chipchura in Diables zone.
9:54 of 3rd period - Slapshot by Brian Dumoulin.
9:54 of 3rd period - Shot Misses the Net.
10:11 of 3rd period - Blake Pietila is hit by Kyle Chipchura and loses puck.
10:34 of 3rd period - Pavel Valentenko is hit by Scott Timmins and loses puck.
10:47 of 3rd period - Slapshot by James Livingstone.
10:47 of 3rd period - Stopped by Jean-Francois Berube with a rebound.
10:55 of 3rd period - Wrist shot by Blake Pietila.
10:55 of 3rd period - Stopped by Jean-Francois Berube with a rebound.
11:15 of 3rd period - Wrist shot by Daniel Zaar.
11:15 of 3rd period - Stopped by Matt Hackett with a rebound.
11:17 of 3rd period - Snap shot by Pierre-Cédric Labrie.
11:17 of 3rd period - Shot Misses the Net.
11:19 of 3rd period - Snap shot by Kyle Chipchura.
11:19 of 3rd period - Shot Misses the Net.
11:21 of 3rd period - Slapshot by Pavel Valentenko.
11:21 of 3rd period - Stopped by Matt Hackett with a rebound.
11:23 of 3rd period - Slapshot by Pavel Valentenko.
11:23 of 3rd period - Stopped by Matt Hackett with a rebound.
11:25 of 3rd period - Snap shot by Kyle Chipchura.
11:25 of 3rd period - Shot Misses the Net.
11:27 of 3rd period - Snap shot by Daniel Zaar.
11:27 of 3rd period - Shot Blocked by Roman Josi.
11:29 of 3rd period - Slapshot by Brian Dumoulin.
11:29 of 3rd period - Shot Misses the Net.
11:31 of 3rd period - Wrist shot by Pavel Valentenko.
11:31 of 3rd period - Stopped by Matt Hackett with a rebound.
11:33 of 3rd period - Wrist shot by Pierre-Cédric Labrie.
11:33 of 3rd period - Stopped by Matt Hackett without a rebound.
11:34 of 3rd period - Patrice Cormier wins face-off versus Tyler Bozak in Blackdemons zone.
11:34 of 3rd period - Andy McDonald is hit by Tyler Bozak and loses puck.
11:43 of 3rd period - Snap shot by Brandon Prust.
11:43 of 3rd period - Shot Blocked by Alexandre Grenier.
11:59 of 3rd period - Ronalds Kenins is hit by Carl Gunnarsson and loses puck.
12:48 of 3rd period - Snap shot by Brandon Prust.
12:48 of 3rd period - Stopped by Matt Hackett without a rebound.
12:49 of 3rd period - Tim Schaller wins face-off versus Martin Hanzal in Blackdemons zone.
12:54 of 3rd period - Snap shot by Tim Schaller.
12:54 of 3rd period - Shot Blocked by Keaton Ellerby.
12:56 of 3rd period - Snap shot by Carl Gunnarsson.
12:56 of 3rd period - Stopped by Matt Hackett with a rebound.
13:05 of 3rd period - Icing by Tim Schaller.
13:06 of 3rd period - Tim Schaller wins face-off versus Patrice Cormier in Diables zone.
13:25 of 3rd period - Tim Schaller is hit by Andy McDonald.
13:44 of 3rd period - Minor Penalty to Mathew Dumba for Roughing.
13:45 of 3rd period - Tyler Bozak wins face-off versus Patrice Cormier in Blackdemons zone.
13:57 of 3rd period - Tyler Bozak is hit by Ronalds Kenins and loses puck.
15:23 of 3rd period - Wrist shot by Taylor Beck.
15:23 of 3rd period - Goal by Taylor Beck - Blackdemons : 5 - Diables : 3.
15:24 of 3rd period - Kyle Rau wins face-off versus Kyle Chipchura in neutral zone.
16:46 of 3rd period - Wrist shot by Daniel Zaar.
16:46 of 3rd period - Stopped by Matt Hackett with a rebound.
16:48 of 3rd period - Snap shot by Kyle Chipchura.
16:48 of 3rd period - Shot Blocked by Andrew MacDonald.
17:40 of 3rd period - Snap shot by James Livingstone.
17:40 of 3rd period - Stopped by Jean-Francois Berube without a rebound.
17:41 of 3rd period - Kyle Rau wins face-off versus Louis Leblanc in Diables zone.
17:42 of 3rd period - Wrist shot by Max Friberg.
17:42 of 3rd period - Stopped by Jean-Francois Berube with a rebound.
18:13 of 3rd period - Slapshot by Keith Seabrook.
18:13 of 3rd period - Stopped by Matt Hackett without a rebound.
18:13 of 3rd period - Double Minor Penalty to Matt Hackett for Slashing.
18:14 of 3rd period - Patrice Cormier wins face-off versus Tyler Bozak in Blackdemons zone.
18:45 of 3rd period - Slapshot by Brandon Burlon.
18:45 of 3rd period - Shot Blocked by Calvin de Haan.
18:47 of 3rd period - Wrist shot by Brandon Burlon.
18:47 of 3rd period - Goal by Brandon Burlon - Blackdemons : 5 - Diables : 4.
18:48 of 3rd period - Patrice Cormier wins face-off versus Tyler Bozak in neutral zone.
18:57 of 3rd period - Diables, Jean-Francois Berube is pulled from the net.
18:59 of 3rd period - Wrist shot by Brandon Prust.
18:59 of 3rd period - Shot Blocked by Roman Josi.
19:01 of 3rd period - Snap shot by Brandon Prust.
19:01 of 3rd period - Stopped by Matt Hackett with a rebound.
19:13 of 3rd period - Calvin de Haan is hit by Tim Schaller and loses puck.
19:18 of 3rd period - Snap shot by Craig Smith.
19:18 of 3rd period - Shot Blocked by Roman Josi.
19:20 of 3rd period - Wrist shot by Pavel Valentenko.
19:20 of 3rd period - Stopped by Matt Hackett with a rebound.
19:22 of 3rd period - Wrist shot by Craig Smith.
19:22 of 3rd period - Deflect By Tim Schaller.
19:22 of 3rd period - Shot Misses the Net.
19:22 of 3rd period - Puck is out of play.
19:23 of 3rd period - Larry Robinson call a timeout for Diables.
19:23 of 3rd period - Patrice Cormier wins face-off versus Tyler Bozak in Blackdemons zone.
19:32 of 3rd period - Calvin de Haan is hit by Pavel Valentenko and loses puck.
Goals for this period are 1 for Blackdemons vs 3 for Diables.
Shots for this period are 10 for Blackdemons vs 21 for Diables.
Back to the Top